 Dungeon Crawl Stone Soup version 0.31-b1-20-g67cafac56d (webtiles) character file.

Game seed: 9132363839114291425

63 Sobieck the Trooper (level 4, -7/49 HPs)
             Began as an Oni Warper on Jan 17, 2024.
             Mangled by a gnoll
             ... wielding a +0 halberd
              (10 damage)
             ... on level 2 of the Dungeon.
             The game lasted 00:02:41 (1072 turns).

Sobieck the Trooper (Oni Warper)                    Turns: 1072, Time: 00:02:42

Health: -7/49      AC:  3    Str: 17    XL:     4   Next: 9%
Magic:  7/7        EV:  9    Int: 14    God:
Gold:   36         SH:  0    Dex:  8    Spells: 7/7 levels left

rFire   . . .        f - +0 flail
rCold   . . .        (no shield)
rNeg    . . .        c - +0 robe
rPois   .            (helmet restricted)
rElec   .            (no cloak)
rCorr   .            (gloves unavailable)
SInv    .            (boots unavailable)
Will    +....        r - amulet of regeneration
Stlth   +            m - ring of willpower
HPRegen 1.08/turn    (no ring)
MPRegen 0.10/turn

%: no passive effects
@: no status effects
A: large, unfitting armour, horns 1, tough skin 1, double potion healing,
drunken brawling
a: no special abilities


You were on level 2 of the Dungeon.
You visited 1 branch of the dungeon, and saw 2 of its levels.

You collected 72 gold pieces.
You spent 36 gold pieces at shops.

Inventory:

Hand Weapons
 a - a +0 mace
 f - a +0 flail (weapon)
Missiles
 j - 27 stones (quivered)
 k - 8 poisoned darts
 v - 3 javelins
 K - 7 darts of dispersal
Armour
 c - a +0 robe (worn)
Jewellery
 m - a ring of willpower (left hand)
 r - an amulet of regeneration (around neck)
Scrolls
 b - 2 scrolls of blinking
 e - a scroll of enchant weapon {unknown}
 h - a scroll of immolation {unknown}
 i - 2 scrolls of identify {unknown}
 n - a scroll of enchant armour {unknown}
 o - a scroll of silence {unknown}
 p - a scroll of fog {unknown}
Potions
 d - a potion of lignification {unknown}
 g - 2 potions of brilliance {unknown}
 l - a potion of heal wounds {unknown}
 q - a potion of invisibility {unknown}
 Q - a potion of curing


   Skills:
 + Level 4.4 Fighting
 + Level 3.3 Maces & Flails
 - Level 1.0 Throwing
 - Level 2.1 Dodging
 - Level 2.4 Spellcasting
 - Level 2.6 Translocations


You had 7 spell levels left.
You didn't know any spells.
Your spell library contained the following spells:

 Spells                   Type           Power      Damage    Failure   Level
 Blink                    Tloc           18%        N/A       12%         2
 Lesser Beckoning         Tloc           18%        N/A       12%         2
 Teleport Other           Tloc           9%         N/A       22%         3
 Manifold Assault         Tloc           9%         N/A       58%         4
 Vhi's Electric Charge    Tloc/Air       10%        N/A       78%         4


Dungeon Overview and Level Annotations

Branches:
Dungeon (2/15)

Altars:

Shops:
D:1 !


Innate Abilities, Weirdness & Mutations

You are too large for most types of armour.
You have a pair of small horns on your head.
You have tough skin. (AC +1)
You gain doubled healing and magic from potions.
Whenever you drink a healing potion, you attack all around you.


Message History

Unknown command.
Danger!
Unknown command.
Unknown command.
Danger!
Unknown command.
Unknown command.
There is a stone staircase leading up here.
Unknown command.
Unknown command.
Unknown command.
Unknown command.
Unknown command.
You start waiting.
A gnoll is nearby!
Unknown command.
Danger!
You closely miss the gnoll. The gnoll hits you with a +0 whip.
You barely miss the gnoll. Your headbutt misses the gnoll.
The gnoll hits you with a +0 whip.
You sock the gnoll! You headbutt the gnoll.
You kill the gnoll!
The gnoll barely misses you.
You have reached level 4!
The gnoll hits you from afar with a +0 halberd!
You climb upwards.
There is a stone staircase leading down here.
Unknown command.
Unknown command.
You start resting.
HP restored.
You climb downwards.
The gnoll closely misses you.
There is a stone staircase leading up, spattered with blood here.
Danger!
Unknown command.
A gnoll comes into view. It is wielding a +0 heavy spear.
The gnoll shouts!
The gnoll hits you with a +0 halberd!
The gnoll hits you from afar with a +0 heavy spear!
You see here a +0 whip.
You hit the gnoll. You headbutt the gnoll.
The gnoll is heavily wounded.
The gnoll hits you with a +0 halberd!
The gnoll hits you from afar with a +0 heavy spear.
* * * LOW HITPOINT WARNING * * *
The gnoll hits you from afar with a +0 halberd!
* * * LOW HITPOINT WARNING * * *
There is a stone staircase leading up, spattered with blood here.
The gnoll hits you from afar with a +0 halberd!
You die...

############ #..........#
#.########.# ############### #.#
#.###......<...##.##### #.#
##.....@..........#..... #.#
#####...##)#####.#..##.#####
##.###.....#).g...# #.#..####
........##...####g###.#..#####
.#.#.#..###.## #............####
........###.#####.#.#.#..###.....
.#.#.#.......##...............###
........###..#..#.#.#.#...###.###
.#.#.#..................#.###....


You could see a gnoll.

Vanquished Creatures
  A gnoll (D:2)
  2 adders (D:2)
  A ribbon worm (D:2)
  4 bats
  2 endoplasms
  5 hobgoblins
  3 kobolds
  4 quokkas
  4 ball pythons
  2 frilled lizards (D:2)
  A goblin (D:1)
  2 rats (D:1)
31 creatures vanquished.

Notes
Turn   | Place    | Note
-------+----------+-------------------------------------------
     0 | D:1      | Sobieck the Oni Warper began the quest for the Orb.
     0 | D:1      | Reached XP level 1. HP: 22/22 MP: 3/3
   125 | D:1      | Reached skill level 3 in Fighting
   192 | D:1      | Reached XP level 2. HP: 20/31 MP: 5/5
   358 | D:1      | Found Bis Falu's Distillery.
   365 | D:1      | Bought a potion of curing for 36 gold pieces
   527 | D:2      | Reached XP level 3. HP: 30/39 MP: 6/6
   698 | D:2      | Reached skill level 4 in Fighting
   716 | D:2      | Reached skill level 3 in Maces & Flails
  1047 | D:2      | Reached XP level 4. HP: 38/49 MP: 7/7
  1071 | D:2      | HP: 2/49 [gnoll/+0 halberd (11)]
  1072 | D:2      | Mangled by a gnoll

Illustrated notes

Levels and vault maps discovered:
D:1:      moated_graveyard_arrival, layout_rooms, serial_shops, shop,
          corner_web_ring, minmay_cut_off
D:2:      layout_loops_ring, serial_glass, glass_columns_a, glass_columns_b,
          glass_columns_a, glass_columns_c, glass_columns_b, glass_columns_a,
          glass_columns_c, glass_columns_c

Skill      XL: |  1  2  3 |
---------------+----------+-----
Fighting       | 3 4 |  4.4
Maces & Flails | 3 |  3.3
Throwing       | |  1.0
Dodging        | |  2.1
Spellcasting   | |  2.4
Translocations | |  2.6

Action                     |  1- 3 |  4- 6 || total
---------------------------+-------+-------++-------
  Melee: Flail             |    93 |     1 ||    94
         Mace              |     2 |       ||     2
         Headbutt          |    12 |     1 ||    13
         Punch             |     1 |       ||     1
 Armour: Robe              |    82 |     7 ||    89
  Dodge: Dodged            |    54 |     1 ||    55
